 Dungeon Crawl Stone Soup version 0.23-a0-141-g456867d (webtiles) character file.

52948 Amnesiac the Sharpshooter (level 14, -3/131 HPs)
             Began as a Mummy Arcane Marksman on Sept 1, 2018.
             Was an Initiate of Gozag.
             Slain by Frances
             ... wielding a +0 glaive
              (26 damage)
             ... on level 13 of the Dungeon.
             The game lasted 01:18:39 (31503 turns).

Amnesiac the Sharpshooter (Mummy Arcane Marksman)  Turns: 31503, Time: 01:18:39

Health: -3/131     AC:  7    Str: 18      XL:     14   Next: 29%
Magic:  26/26      EV: 12    Int: 17 (19) God:    Gozag
Gold:   2582       SH:  0    Dex: 12      Spells: 1/29 levels left

rFire    . . .     SeeInvis .   b - +0 trident (venom)
rCold    . . .     Gourm    .   (no shield)
rNeg     + + +     Faith    .   C - +2 robe of Vines {NoPotionHeal Regen+7}
rPois    ∞         Spirit   .   k - +2 hat {MR+}
rElec    .         Reflect  .   (no cloak)
rCorr    .         Harm     .   l - +0 pair of gloves {Str+3}
MR       ++++.                  (no boots)
Stlth    +.........             m - amulet of Vitality {Regen+ HP+15}
HPRegen  3.51/turn              t - ring of the Mage {Wiz MR++ Int+3}
MPRegen  0.20/turn              n - ring of fire

@: about to teleport
A: no food or potions, fire vulnerability, cold resistance 1, negative energy
resistance 3, torment resistance, unbreathing, in touch with death 1
a: Potion Petition, Call Merchant, Bribe Branch, Renounce Religion


You were on level 13 of the Dungeon.
You worshipped Gozag.
Gozag was most pleased with you.
You were not hungry.

You visited 3 branches of the dungeon, and saw 19 of its levels.
You also visited: Labyrinth and Ossuary.

You collected 7075 gold pieces.
You spent 3508 gold pieces at shops.
You paid 985 gold pieces to Gozag.

Inventory:

Hand Weapons
 a - a +0 arbalest
 b - a +0 trident of venom (weapon)
 w - a +5 blowgun
Missiles
 d - 10 bolts
 i - a curare-tipped needle
 u - a throwing net (quivered)
Armour
 k - a +2 hat of magic resistance (worn)
 l - a +0 pair of gloves of strength (worn)
 p - the +5 ring mail of Padaydo {rElec rC+, unknown}
   (You found it on level 14 of the Dungeon)

   It protects you from cold.
   It insulates you from electricity.
 C - the +2 robe of Vines (worn) {NoPotionHeal Regen+7}
   (You bought it in a shop on level 5 of the Dungeon)

   It increases your rate of regeneration.
Jewellery
 f - a +2 ring of intelligence
 m - the amulet of Vitality (around neck) {Regen+ HP+15}
   (You bought it in a shop on level 5 of the Dungeon)

   [amulet of regeneration]

   It affects your health (+15).
   It increases your rate of regeneration.
 n - a ring of fire (right hand)
 t - the ring of the Mage (left hand) {Wiz MR++ Int+3}
   (You took it off a minotaur in a labyrinth)

   [ring of wizardry]

   It improves your spell success rate.
   It affects your intelligence (+3).
   It affects your resistance to hostile enchantments.
 x - an uncursed ring of resist corrosion
 y - an uncursed ring of magical power
Wands
 e - a wand of enslavement (20)
 s - a wand of digging (45)
 v - a wand of flame (67)
 z - a wand of random effects (51)
 D - a wand of clouds (5)
 E - a wand of polymorph (21)
 G - a wand of disintegration (4)
Scrolls
 c - 6 scrolls of identify {!r}
 g - a scroll of silence {!r}
 h - 4 scrolls of enchant weapon {!r}
 j - a scroll of enchant armour {!r}
 o - 3 scrolls of amnesia {!r}
 q - a scroll of teleportation {!r}
 A - 3 scrolls of immolation {!r}
 B - 5 scrolls of remove curse {!r}
 H - a scroll of magic mapping {!r}


   Skills:
 + Level 12.6 Fighting
 * Level 15.6 Crossbows
 - Level 1.5 Dodging
 - Level 8.0 Spellcasting
 - Level 8.0 Hexes


You had one spell level left.
You knew the following spells:

 Your Spells              Type           Power        Failure   Level  Hunger
a - Corona                Hex            ####...      1%          1    N/A
b - Cause Fear            Hex            ####......   1%          4    N/A
c - Swiftness             Chrm/Air       #.......     6%          2    N/A
d - Summon Mana Viper     Hex/Summ       ###.....     22%         5    N/A
e - Confuse               Hex            ####....     1%          3    N/A
f - Leda's Liquefaction   Hex/Erth       ###.......   9%          4    N/A
g - Slow                  Hex            ####....     1%          2    N/A
h - Summon Butterflies    Summ           #.......     4%          1    N/A
w - Tukima's Dance        Hex            ####....     1%          3    N/A
z - Portal Projectile     Hex/Tloc       ###...       2%          3    N/A

Your spell library contained the following spells:

 Spells                   Type           Power        Failure   Level  Hunger
 Flame Tongue             Conj/Fire      ##...        4%          1    N/A
 Shock                    Conj/Air       #...         4%          1    N/A
 Ensorcelled Hibernation  Hex/Ice        ###...       1%          2    N/A
 Dazzling Spray           Conj/Hex       ###...       2%          3    N/A
 Inner Flame              Hex/Fire       ####....     2%          3    N/A
 Throw Flame              Conj/Fire      ##....       6%          2    N/A
 Call Canine Familiar     Summ           #.......     12%         3    N/A
 Conjure Flame            Conj/Fire      ##......     12%         3    N/A
 Static Discharge         Conj/Air       #.......     12%         3    N/A
 Airstrike                Air            #.........   38%         4    N/A
 Sticky Flame             Conj/Fire      ##......     38%         4    N/A
 Summon Ice Beast         Ice/Summ       #.......     38%         4    N/A
 Fireball                 Conj/Fire      ##........   71%         5    N/A
 Lightning Bolt           Conj/Air       #.........   71%         5    N/A
 Summon Hydra             Summ           #.........   100%        7    N/A

Dungeon Overview and Level Annotations

Branches:
Dungeon (14/15)            Temple (0/1) D:7            Lair (3/6) D:10
 Shoals (0/4) Lair:2        Snake (0/4) Lair:3          Orc (2/2) D:11
    Elf (0/3) Orc:2
 Vaults: D:13-14

Altars:
Gozag
Nemelex Xobeh
Yredelemnul
Beogh

Shops:
D:4 !   D:5 =*!   D:7 }   D:9 =   D:13 *   Orc:1 *   Orc:2 (([(

Portals:
Trove: D:14 (give +7 demon whip)

Annotations:
D:13 Frances
D:14 1 exclusion


Innate Abilities, Weirdness & Mutations

You do not eat or drink.
Your flesh is vulnerable to fire.
You are immune to poison.
Your flesh is cold resistant. (rC+)
You are immune to negative energy. (rN+++)
You are immune to unholy pain and torment.
You can survive without breathing.
You are in touch with the powers of death.


Message History

The neqoxec gestures at you.
Something tries to feed on your intellect!
Firing (i - inventory. (/) - cycle)
i - 2 curare-tipped needles (quivered)
Press: ? - help, Shift-Dir - straight line, f/p - Frances
Aim: Frances, wielding a glaive and wearing a runed ring mail (heavily wounded, You shoot a curare-tipped needle.
The curare-tipped needle hits Frances.
Frances looks as sick as possible!
Frances convulses.
Frances seems to be slow for longer.
Frances is heavily wounded.
The shadow imp spits at you.
Frances hits you from afar with a glaive.
You see here a glaive.
Wield which item (- for none, * to show all)? (? for menu, Esc to quit)
Your +0 trident of venom begins to drip with poison!
b - a +0 trident of venom (weapon)
Attack whom?
Press: ? - help, Dir - move target cursor, f/p - Frances
Aim: Frances, wielding a glaive and wearing a runed ring mail (heavily wounded, You reach to attack!
You hit Frances.
Frances is heavily wounded.
Frances misses you.
Attack whom?
Press: ? - help, Dir - move target cursor, f/p - Frances
Aim: Frances, wielding a glaive and wearing a runed ring mail (heavily wounded, You reach to attack!
You barely miss Frances.
Frances is heavily wounded.
The shadow imp disappears in a puff of smoke!
Frances hits you from afar with a glaive.
Frances is no longer moving slowly.
The neqoxec disappears in a puff of smoke!
Frances says, "Show me proof of your conquests, and I will call you a great The rust devil disappears in a puff of smoke!
Attack whom?
Press: ? - help, Dir - move target cursor, f/p - Frances
Aim: Frances, wielding a glaive and wearing a runed ring mail (severely You reach to attack!
You puncture Frances!
Frances looks as sick as possible!
Frances is severely wounded.
Frances hits you from afar with a glaive.
Frances hits you from afar with a glaive!!
Attack whom?
Press: ? - help, Dir - move target cursor, f/p - Frances
Aim: Frances, wielding a glaive and wearing a runed ring mail (severely You reach to attack!
You puncture Frances!
Frances is severely wounded.
Frances runs a finger over her scar.
Frances whispers indecipherable words.
The iron shot hits you!
* * * LOW HITPOINT WARNING * * *
Frances chants phrases taken from a devil's mouth.
Attack whom?
Press: ? - help, Dir - move target cursor, f/p - Frances
Aim: Frances, wielding a glaive and wearing a runed ring mail (almost dead, You reach to attack!
You hit Frances.
Frances is almost dead.
Frances whispers indecipherable words.
The shard of ice hits you!
* * * LOW HITPOINT WARNING * * *
Frances barely misses you.
Really read
q - 2 scrolls of teleportation {!r}?
As you read the scroll of teleportation {!r}, it crumbles to dust.
You feel strangely unstable.
Frances is no longer moving quickly.
Frances hits you from afar with a glaive!!
You die...
Your body crumbles into a pile of gold.

..............# #....#........
.!......[.....######....#)......#
..............##........'........
......>..[.).........##.#........
##'#.............(.§.............
#.#...####......###§.#.#.#....#.
##'####....[..##.# #4...#∩#.#.##.
......+.......##.# #§...#........
....###.......##@# #)#.####......
u...# #####......# #.#...........
....# #.....###@###.............
.#### #.########3§.###).####..#.
.#######.# ###..433.[))[.......#.
.......#.# #....#...####.###...#.
.......#.# #..............#....#.
.......#'###.....................
..........##............#...#..#.


You could see Frances and 2 sun demons.

Vanquished Creatures
  Saint Roka (Orc:2)
  Gastronok (D:10)
  A minotaur (Lab)
  Snorg (D:13)
  A vault guard (D:14)
  Erolcha (D:9)
  A hydra (Lair:2)
  A centaur warrior (D:13)
  2 two-headed ogres
  4 death yaks
  Sonja (Orc:1)
  The ghost of opiumtea the Thaumaturge, a novice GnWz (D:7)
  An unseen horror (D:12)
  A wizard (D:14)
  Pikel (D:9)
  7 ugly things
  4 orc knights
  An orc sorcerer (Orc:2)
  2 cyclopes
  An elephant (D:10)
  3 merfolk sirens (Lair:2)
  2 black mambas
  Joseph (D:9)
  7 centaur skeletons
  2 spiny frogs (Lair:3)
  6 gargoyles
  A rime drake (Lair:3)
  A komodo dragon (Lair:3)
  4 trolls
  A hornet (D:14)
  A polar bear (Lair:1)
  A merfolk (Lair:2)
  2 blink frogs (Lair:2)
  7 hippogriffs
  A dancing weapon (D:13)
  2 wyverns (D:13)
  A shadow (D:12)
  A vampire (D:13)
  16 yaks
  3 hogs (D:7)
  2 basilisks
  4 wraiths
  Eustachio (D:5)
  2 humans
  7 vampire mosquitoes
  3 nagas (Lair:3)
  Menkaure (D:5)
  3 wargs (Orc:2)
  Edmund (D:5)
  6 water moccasins
  2 soldier ants
  An acid dragon (D:14)
  2 porcupines
  2 sky beasts
  4 slaves
  A black bear (D:8)
  2 hornet zombies
  27 orc warriors
  2 necrophages
  An eye of draining (D:12)
  6 ice beasts
  5 wolves
  18 ogres
  10 centaurs
  6 crocodiles
  A big kobold (D:12)
  13 bullfrogs
  3 wyvern skeletons
  A wyvern zombie (D:11)
  3 scorpions
  7 killer bees
  2 electric eels (D:8)
  12 wights
  2 howler monkeys
  6 crimson imps
  6 quasits
  3 centaur zombies
  5 hounds
  A jelly (D:8)
  4 iguanas
  22 orc priests
  25 orc wizards
  A bullfrog skeleton (D:12)
  Jessica (D:2)
  Terence (D:3)
  7 worker ants
  3 hound zombies
  A hound skeleton (D:8)
  4 mummies
  11 gnolls
  7 adders
  A howler monkey skeleton (D:4)
  8 shadow imps
  3 adder zombies (Ossuary)
  3 adder skeletons
  2 worms (D:2)
  3 dart slugs
  7 leopard geckos
  96 orcs
  5 bats
  4 giant cockroaches
  A gnoll zombie (Ossuary)
  8 goblins
  9 hobgoblins
  11 jackals
  4 quokkas
  5 frilled lizards
  5 goblin zombies (Ossuary)
  4 hobgoblin zombies (Ossuary)
  2 jackal zombies (D:6)
  17 kobolds
  3 kobold zombies
  4 leopard gecko skeletons
  3 quokka skeletons
  4 rats
  A rat zombie (Ossuary)
  A plant (D:8)
582 creatures vanquished.

Vanquished Creatures (collateral kills)
  A two-headed ogre (D:13)
  3 blink frogs (Lair:2)
  A wyvern (Lair:2)
  Grum (D:11)
6 creatures vanquished.

Vanquished Creatures (others)
  A centaur warrior (D:14)
  A goblin zombie (Ossuary)
  A hobgoblin zombie (Ossuary)
  3 fungi
6 creatures vanquished.

Grand Total: 594 creatures vanquished

Notes
Turn   | Place    | Note
-------+----------+-------------------------------------------
     0 | D:1      | Amnesiac the Mummy Arcane Marksman began the quest for the
                  | Orb.
     0 | D:1      | Reached XP level 1. HP: 15/15 MP: 2/2
   245 | D:1      | Reached skill level 2 in Crossbows
   348 | D:1      | Reached XP level 2. HP: 19/21 MP: 2/4
   656 | D:1      | Learned a level 2 spell: Slow
   794 | D:2      | Reached XP level 3. HP: 26/26 MP: 3/5
   896 | D:2      | Reached skill level 3 in Crossbows
  1464 | D:2      | Reached XP level 4. HP: 32/32 MP: 2/6
  1609 | D:2      | Reached skill level 4 in Crossbows
  1784 | D:2      | Found an opulent altar of Gozag.
  1907 | D:2      | Noticed Jessica
  1913 | D:2      | Killed Jessica
  1913 | D:2      | Reached XP level 5. HP: 35/37 MP: 5/7
  2150 | D:3      | Noticed Terence
  2168 | D:3      | Killed Terence
  2338 | D:3      | Reached skill level 5 in Crossbows
  2819 | D:4      | Found Kack's Distillery.
  2849 | D:4      | Noticed an ogre
  2951 | D:4      | Reached XP level 6. HP: 43/43 MP: 4/8
  3096 | D:4      | Found a sand-covered staircase.
  3308 | Ossuary  | Entered an ossuary
  4080 | D:4      | Reached skill level 6 in Crossbows
  4199 | D:4      | Learned a level 4 spell: Cause Fear
  4624 | D:4      | Reached XP level 7. HP: 44/48 MP: 4/9
  5148 | D:5      | Entered Level 5 of the Dungeon
  5158 | D:5      | Reached skill level 7 in Crossbows
  5481 | D:5      | Reached XP level 8. HP: 15/54 MP: 7/10
  5696 | D:5      | Noticed Menkaure
  5767 | D:5      | Noticed Edmund
  5788 | D:5      | Killed Edmund
  5788 | D:5      | Reached skill level 8 in Crossbows
  5858 | D:5      | Killed Menkaure
  5987 | D:5      | Found Kyra Kad's Distillery.
  5988 | D:5      | Found Bohao's Distillery.
  5989 | D:5      | Found Pijexed's Assorted Antiques.
  5996 | D:5      | Found Dottua's Jewellery Boutique.
  5998 | D:5      | Bought a scroll labeled CIPU FOKLOFRY for 26 gold pieces
  6171 | D:2      | Became a worshipper of Gozag Ym Sagoz the Greedy
  6458 | D:5      | Reached skill level 9 in Crossbows
  6802 | D:6      | Noticed Eustachio
  6816 | D:6      | Noticed Pikel
  6827 | D:5      | Killed Eustachio
  7926 | D:6      | Found a runed door.
  7928 | D:6      | Found a basalt altar of Yredelemnul.
  7961 | D:6      | Reached skill level 10 in Crossbows
  7961 | D:6      | Reached XP level 9. HP: 59/59 MP: 11/11
  7970 | D:6      | Learned a level 3 spell: Portal Projectile
  8696 | D:7      | Found Iwkirpheu's Gadget Shop.
  8803 | D:7      | Found a staircase to the Ecumenical Temple.
  9546 | D:7      | Reached skill level 5 in Fighting
 10480 | D:7      | Reached skill level 5 in Spellcasting
 10778 | D:7      | Reached XP level 10. HP: 76/76 MP: 18/18
 10958 | D:8      | Noticed a two-headed ogre
 10966 | D:8      | Killed a two-headed ogre
 11213 | D:8      | Noticed opiumtea's ghost (novice GnWz)
 11217 | D:8      | Found a transporter.
 11277 | D:8      | Found a transporter.
 11536 | D:8      | Reached skill level 5 in Hexes
 11905 | D:9      | Noticed Erolcha
 11914 | D:9      | Killed Erolcha
 12844 | D:8      | Found a transporter.
 12868 | D:8      | Found a transporter.
 13508 | D:9      | Killed Pikel
 13816 | D:9      | Noticed Joseph
 13828 | D:9      | Killed Joseph
 14028 | D:9      | Found Noshrusm's Jewellery Shoppe.
 14038 | D:9      | Reached XP level 11. HP: 84/84 MP: 23/23
 14261 | D:9      | Identified a scroll of acquirement {!r}
 14939 | D:10     | Entered Level 10 of the Dungeon
 14939 | D:10     | Found a sparkling altar of Nemelex Xobeh.
 15110 | D:10     | Noticed Gastronok
 15132 | D:10     | Found a staircase to the Lair.
 15155 | Lair:1   | Entered Level 1 of the Lair of Beasts
 16734 | Lair:2   | Got a pitted chain mail
 17464 | Lair:2   | Noticed a death yak
 17465 | Lair:2   | Noticed a death yak
 17477 | Lair:2   | Noticed a death yak
 17478 | Lair:2   | Noticed a death yak
 17522 | Lair:1   | Killed a death yak
 17522 | Lair:1   | Reached skill level 11 in Crossbows
 18644 | D:10     | Killed Gastronok
 18669 | D:10     | Identified the +3 chain mail of Tastrainu {rF+ MP+9} (You
                  | found it on level 2 of the Lair of Beasts)
 19102 | Lair:1   | Killed a death yak
 19445 | Lair:1   | Learned a level 2 spell: Swiftness
 19451 | Lair:1   | Learned a level 5 spell: Summon Mana Viper
 19456 | Lair:1   | Learned a level 4 spell: Leda's Liquefaction
 19841 | Lair:2   | Reached skill level 12 in Crossbows
 19841 | Lair:2   | Reached XP level 12. HP: 94/94 MP: 24/24
 19930 | Lair:2   | Killed a death yak
 20028 | Lair:2   | Killed a death yak
 20381 | Lair:2   | Found an opulent altar of Gozag.
 20597 | Lair:2   | Noticed an eight-headed hydra
 20632 | Lair:2   | Killed an eight-headed hydra
 20719 | Lair:2   | Learned a level 3 spell: Confuse
 20723 | Lair:2   | Learned a level 3 spell: Tukima's Dance
 20775 | Lair:2   | Found a staircase to the Shoals.
 21546 | Lair:3   | Found a staircase to the Snake Pit.
 21970 | Lair:3   | Reached skill level 13 in Crossbows
 22629 | D:5      | Bought the +2 robe of Vines {NoPotionHeal Regen+7} for 2080
                  | gold pieces
 22629 | D:5      | Found the +2 robe of Vines {NoPotionHeal Regen+7}
 22860 | D:11     | Found a staircase to the Orcish Mines.
 22923 | D:11     | Reached skill level 10 in Fighting
 23021 | D:11     | Noticed a two-headed ogre
 23031 | D:11     | Killed a two-headed ogre
 23275 | D:11     | Noticed Grum
 23287 | D:11     | Killed Grum
 24046 | D:7      | Killed opiumtea's ghost
 24241 | D:7      | Found a staircase to the Ecumenical Temple.
 24317 | D:7      | Found Iwkirpheu's Gadget Shop.
 24586 | Orc:1    | Entered Level 1 of the Orcish Mines
 24693 | Orc:1    | Noticed Sonja
 24694 | Orc:1    | Killed Sonja
 24816 | Orc:1    | Found a roughly hewn altar of Beogh.
 24893 | Orc:1    | Found Mexzoaj's Merry Market.
 25050 | Orc:2    | Entered Level 2 of the Orcish Mines
 25116 | Orc:2    | Gained mutation: You are in touch with the powers of death.
                  | [Mummy growth]
 25116 | Orc:2    | Reached XP level 13. HP: 104/104 MP: 25/25
 25649 | Orc:2    | Found a roughly hewn altar of Beogh.
 25875 | D:5      | Bought the amulet of Vitality {Regen+ HP+15} for 1185 gold
                  | pieces
 25875 | D:5      | Found the amulet of Vitality {Regen+ HP+15}
 26076 | Orc:2    | Noticed Saint Roka
 26243 | Orc:2    | Reached skill level 14 in Crossbows
 26275 | Orc:2    | Found a roughly hewn altar of Beogh.
 26371 | Orc:2    | Killed Saint Roka
 26514 | Orc:2    | Found Ganunoup's Antique Weapon Emporium.
 26516 | Orc:2    | Found a roughly hewn altar of Beogh.
 26522 | Orc:2    | Found Aleff's Antique Armour Shoppe.
 26549 | Orc:2    | Bought a pair of runed gloves for 217 gold pieces
 26799 | Orc:2    | Found a roughly hewn altar of Beogh.
 26899 | Orc:2    | Found a roughly hewn altar of Beogh.
 27126 | Orc:2    | Found a roughly hewn altar of Beogh.
 27139 | Orc:2    | Found Worrom's Weapon Shoppe.
 27207 | Orc:2    | Found a staircase to the Elven Halls.
 27237 | Orc:2    | Found a roughly hewn altar of Beogh.
 27284 | Orc:2    | Found Hih Nese's Antique Weapon Shoppe.
 28934 | D:13     | Reached skill level 15 in Crossbows
 29268 | D:13     | Found Otip's General Store.
 29291 | D:13     | Noticed Snorg
 29460 | D:14     | Found a portal to a secret trove of treasure.
 29516 | D:14     | Found a labyrinth entrance.
 29524 | D:14     | Learned a level 1 spell: Summon Butterflies
 29527 | Lab      | Entered a labyrinth
 29932 | Lab      | Reached XP level 14. HP: 106/115 MP: 26/26
 30033 | Lab      | Got an encrusted plate armour
 30059 | Lab      | Identified the +1 plate armour of the Trombone {rF+ Str+2
                  | Dex+4} (You took it off a minotaur in a labyrinth)
 30502 | D:13     | Killed Snorg
 30722 | D:13     | Noticed Frances
 31213 | D:14     | Got a bloodstained ring mail
 31503 | D:13     | Slain by Frances

Vault maps used:
D:1:      lightli_iron_boxes
D:2:      marbit_many_paths, uniq_jessica
D:3:      uniq_terence
D:4:      gup_ossuary_entry_pyramid, serial_shops, shop, hex_large,
          minmay_ruptured
D:5:      serial_glass, glass_columns_b, glass_columns_a, glass_columns_a,
          glass_columns_a, glass_columns_a, glass_columns_a, glass_columns_b,
          glass_columns_a, glass_columns_b, glass_columns_b,
          due_unseen_surprise, minmay_strange_pillars, item_on_display_a,
          item_on_display_a, first_ration, minmay_shop_grid_forest, uniq_edmund,
          uniq_menkaure
D:6:      dk_yredelemnul_ordeal, uniq_eustachio, uniq_pikel
D:7:      nicolae_whirlpool, temple_hall, serial_shops, shop_fountains,
          grunt_livestock, nicolae_underground_beach
D:8:      gammafunk_ghost_stat_death, serial_bayou_lake_a
D:9:      serial_shops, shop, serial_bayou_pond_d, uniq_joseph, uniq_erolcha
D:10:     david_lair_generic, nemelex_xobeh_ov_fountains_minmay, uniq_gastronok
D:11:     orc_0_dummy, minmay_misc_feat_ornament, uniq_grum
D:13:     serial_shops, shop, uniq_snorg, uniq_frances
D:14:     david_vaults_4, lab_entry_generic, enter_trove_5,
          minmay_strange_pillars
Lair:2:   elwin_shoals_entry_stream, basic_altar
Lair:3:   guppyfry_snake_entry_garden, lemuel_fruit_tree,
          infiniplex_staircase_pool
Orc:1:    serial_shops, nicolae_alphabet_shops, minmay_orc_temple_a, uniq_sonja
Orc:2:    grunt_orc_community_town_hall, grunt_orc_community_big_house_2,
          grunt_orc_community_big_house_2, grunt_orc_community_house_1,
          grunt_orc_community_house_1, grunt_orc_community_house_1,
          grunt_orc_community_house_1, grunt_orc_community_house_1
Lab:      labyrinth_mini_lab, nicolae_lab_grate_2, labyrinth_glass_1
Ossuary:  ossuary_minmay_chase

Skill      XL: |  1  2  3  4  5  6  7  8  9 10 11 12 13 |
---------------+----------------------------------------+-----
Crossbows      | 2 3 4 5 6 7 10 12 13 15 | 15.6
Fighting       | 5 7 8 10 12 | 12.6
Spellcasting   | 5 8 |  8.0
Hexes          | 4 7 8 |  8.0
Dodging        | |  1.5

Action                   |  1- 3 |  4- 6 |  7- 9 | 10-12 | 13-15 || total
-------------------------+-------+-------+-------+-------+-------++-------
Melee: Long sword        |       |     3 |       |       |       ||     3
       Trident           |       |       |   257 |   231 |   895 ||  1383
 Fire: Hand crossbow     |    64 |    44 |       |       |       ||   108
       Hunting sling     |     8 |   247 |    13 |       |       ||   268
       Arbalest          |       |    17 |   119 |   615 |   271 ||  1022
       Blowgun           |       |       |       |       |    38 ||    38
Throw: Stone             |       |     1 |       |       |       ||     1
       Throwing net      |       |       |       |       |     3 ||     3
 Cast: Corona            |    26 |    48 |    18 |    11 |       ||   103
       Slow              |     3 |    30 |    35 |    26 |       ||    94
       Portal Projectile |       |       |       |     4 |       ||     4
       Cause Fear        |       |       |       |    43 |    25 ||    68
       Confuse           |       |       |       |     9 |    30 ||    39
       Tukima's Dance    |       |       |       |     1 |     3 ||     4
Invok: Potion Petition   |       |       |       |     3 |       ||     3
Evoke: Wand              |       |       |     2 |       |     2 ||     4
  Use: Scroll            |       |    12 |       |    15 |     7 ||    34
 Stab: Distracted        |       |       |       |       |     3 ||     3
       Confused          |       |       |       |       |     3 ||     3
Armor: Robe              |    10 |    16 |       |    21 |   293 ||   340
       Ring mail         |       |    93 |       |       |       ||    93
       Leather armour    |       |    11 |   137 |   199 |       ||   347
Dodge: Dodged            |    24 |   158 |   251 |   438 |   606 ||  1477
Block: Buckler           |     1 |     3 |       |       |       ||     4
       Rpst.: Long sword |       |    10 |       |       |       ||    10

Table legend:
 A = Non-vault XP
 B = Vault XP
 C = Vault XP percentage of total XP
 D = Non-vault monster count
 E = Vault monster count
 F = Vault count percentage of total count
                 A         B        C        D         E       F
            +---------+---------+-------+---------+---------+-------
      Total |   50212 |   25429 |  33.6 |     433 |     150 |  25.7
            +---------+---------+-------+---------+---------+-------
        D:1 |      35 |       0 |   0.0 |      20 |       0 |   0.0
        D:2 |     152 |      38 |  20.0 |      18 |       2 |  10.0
        D:3 |     224 |      36 |  13.8 |      27 |       1 |   3.6
        D:4 |     261 |     103 |  28.3 |      28 |       2 |   6.7
        D:5 |     857 |     523 |  37.9 |      19 |       3 |  13.6
        D:6 |     478 |     195 |  29.0 |      14 |       4 |  22.2
        D:7 |    1194 |    2117 |  63.9 |      20 |       9 |  31.0
        D:8 |    2337 |     182 |   7.2 |      31 |       4 |  11.4
        D:9 |    2189 |    2075 |  48.7 |      28 |       3 |   9.7
       D:10 |     497 |    2849 |  85.1 |       6 |       3 |  33.3
       D:11 |    4104 |     390 |   8.7 |      20 |       3 |  13.0
       D:12 |    5604 |       0 |   0.0 |      49 |       0 |   0.0
       D:13 |    6695 |    1173 |  14.9 |      35 |       1 |   2.8
       D:14 |    6766 |    1024 |  13.1 |      23 |       1 |   4.2
     Lair:1 |    3497 |     360 |   9.3 |      15 |       2 |  11.8
     Lair:2 |    5294 |    1708 |  24.4 |      16 |       4 |  20.0
     Lair:3 |    3913 |     494 |  11.2 |      17 |       3 |  15.0
      Orc:1 |     570 |    1579 |  73.5 |       8 |       9 |  52.9
      Orc:2 |    5545 |    7701 |  58.1 |      39 |      72 |  64.9
        Lab |       0 |    2799 | 100.0 |       0 |       5 | 100.0
    Ossuary |       0 |      83 | 100.0 |       0 |      19 | 100.0
            +---------+---------+-------+---------+---------+-------
